 Dungeon Crawl Stone Soup version 0.31-a0-167-g1c394c0614 (webtiles) character file.

Game seed: 9781173162978671800

56 Moral the Ducker (level 3, 0/29 HPs)
             Began as a Merfolk Gladiator on June 15, 2023.
             Was an Initiate of Ashenzari.
             Slain by a kobold
             ... wielding a +0 short sword of protection
              (3 damage)
             ... on level 2 of the Dungeon.
             The game lasted 00:06:54 (1384 turns).

Moral the Ducker (Merfolk Gladiator)                Turns: 1384, Time: 00:06:55

Health: 0/29       AC:  4    Str: 14    XL:     3   Next: 97%
Magic:  3/3        EV: 14    Int:  7    God:    Ashenzari [......]
Gold:   42         SH:  0    Dex: 17    Spells: 2/2 levels left

rFire   . . .        a - +0 long sword "Omniscient Soothsayer" {Comp, Cun} (curse)
rCold   . . .        (no shield)
rNeg    . . .        b - +0 leather armour
rPois   .            c - +0 helmet
rElec   .            (no cloak)
rCorr   .            (no gloves)
SInv    .            (no boots)
Will    .....        (no amulet)
Stlth   +            (no ring)
HPRegen 0.24/turn    (no ring)
MPRegen 0.08/turn

%: no passive effects
@: no status effects
A: (nimble swimmer 2), mertail
a: Renounce Religion, Shatter the Chains


You were on level 2 of the Dungeon.
You worshipped Ashenzari.
Ashenzari was noncommittal.
You visited 1 branch of the dungeon, and saw 2 of its levels.

You collected 42 gold pieces.

Inventory:

Hand Weapons
 a - the cursed +0 long sword "Omniscient Soothsayer" (weapon) {Comp, Cun}

   It has a curse which improves the following skills: Companions: Summonings
   and Necromancy.
   Cunning:   Dodging and Stealth.
Armour
 b - a +0 leather armour (worn)
 c - a +0 helmet (worn)
Scrolls
 g - a scroll of fear
Potions
 d - 2 potions of berserk rage
 e - a potion of haste {unknown}


   Skills:
 + Level 3.2 Fighting
 + Level 4.4 Long Blades
 - Level 2.0 Throwing
 + Level 4.9(5.2) Dodging


You had 2 spell levels left.
You didn't know any spells.
Your spell library contained the following spells:

 Spells                   Type           Power      Damage    Failure   Level
 Magic Dart               Conj           0%         1d3       52%         1
 Searing Ray              Conj           0%         2d4       65%         2
 Fulminant Prism          Conj/Hex       0%         3d5       99%         4


Dungeon Overview and Level Annotations

Branches:
Dungeon (2/15)

Altars:
Ashenzari
Elyvilon

Shops:
D:1 :

Annotations:
D:2 Jessica


Innate Abilities, Weirdness & Mutations

((You are very nimble when in or above water. (Stealth+, EV+, Speed+++)))
Your lower body shifts to a powerful aquatic tail in water.


Message History

The kobold throws a stone.
The stone hits you but does no damage. Jessica completely misses you.
You barely miss Jessica. Jessica casts a spell at you.
Pain shoots through your body!
You hit Jessica but do no damage. Jessica completely misses you.
The kobold throws a stone.
The stone barely misses you. Jessica barely misses you.
The kobold throws a stone.
The stone hits you.
You slash Jessica!
Jessica is severely wounded.
Jessica hits you with a +0 club.
The kobold throws a stone.
The stone hits you.
You hit Jessica but do no damage.
Jessica is severely wounded.
Jessica grins evilly.
Jessica zaps a wand.
The puff of flame hits you.
The kobold throws a stone.
The stone completely misses you.
You hit Jessica.
Jessica is almost dead.
Jessica barely misses you.
You closely miss Jessica.
Jessica is almost dead.
Jessica closely misses you.
You barely miss Jessica.
Jessica is almost dead.
Jessica gestures wildly while chanting.
Jessica seems to speed up.
The kobold misses you.
You hit Jessica.
Jessica is almost dead.
Jessica misses you. The kobold closely misses you.
Jessica zaps a wand.
The puff of flame hits you. The kobold hits you but does no damage.
You closely miss Jessica.
Jessica is almost dead.
Jessica gestures at you while chanting. Pain shoots through your body!
* * * LOW HITPOINT WARNING * * *
Jessica gestures wildly.
Jessica hits you with a +0 club.
* * * LOW HITPOINT WARNING * * *
The kobold hits you with a +0 short sword of protection.
You die...

... ######## #######
..... ....... .....
....... ..< .......###
... # ......... #.# #
......@.####### #.# ##
...[..K@......#####.###.
.......######..#.....#..
....... ##..........
....... ##..#...#.##.
....... #.......#.#..
####### #.###.....#.#
#.#⌠#........
#.###........
#.......#.†[.


You could see Jessica (fast) and a kobold.

Vanquished Creatures
  A gnoll (D:1)
  2 endoplasms (D:1)
  3 giant cockroaches
  4 goblins
  5 hobgoblins
  9 jackals
  A kobold (D:2)
  4 quokkas
  3 ball pythons
  4 bats
  3 rats (D:1)
39 creatures vanquished.

Notes
Turn   | Place    | Note
-------+----------+-------------------------------------------
     0 | D:1      | Moral the Merfolk Gladiator began the quest for the Orb.
     0 | D:1      | Reached XP level 1. HP: 16/16 MP: 1/1
   149 | D:1      | Reached XP level 2. HP: 14/23 MP: 2/2
   247 | D:1      | Found Nykli's Book Boutique.
   329 | D:1      | Reached XP level 3. HP: 28/28 MP: 3/3
   434 | D:1      | Found a faded altar of an unknown god.
   448 | D:1      | Prayed at the altar of an unknown god.
   448 | D:1      | Became a worshipper of Ashenzari the Shackled
  1208 | D:2      | Found a white marble altar of Elyvilon.
  1373 | D:2      | Noticed Jessica
  1384 | D:2      | Slain by a kobold

Illustrated notes

Levels and vault maps discovered:
D:1:      amcnicky_arrival_double_pillar, layout_basic, serial_shops,
          nicolae_book_shop_shelving,
          hellmonk_ecumenical_altar_pennies_from_heaven
D:2:      layout_rooms, basic_altar, feat_on_display, uniq_jessica

Skill      XL: |  1  2  3 |
---------------+----------+-----
Long Blades    | 4 |  4.4
Fighting       | 3 |  3.2
Throwing       | |  2.0
Dodging        | |  4.9

Action                     || total
---------------------------++-------
  Melee: Long sword        ||   132
         Punch             ||     1
 Invoke: Curse Item        ||     1
    Use: Scroll            ||     2
   Stab: Sleeping          ||     3
 Armour: Leather armour    ||    57
  Dodge: Dodged            ||   176

Table legend: (Time is in decaauts)
 A = Elapsed time spent in this place.
 B = Non-inter-level travel time spent in this place.
 C = Inter-level travel time spent in this place.
 D = Time resting spent in this place.
 E = Time spent auto-exploring this place.
 F = Levels seen in this place.
 G = Mean time per level.
                   A        B        C        D        E       F      G
               +--------+--------+--------+--------+--------+-----+--------+
         Total |   1404 |   1404 |      0 |      0 |    958 |   2 |  702.0 |
       Dungeon |   1404 |   1404 |      0 |      0 |    958 |   2 |  702.0 |
               +--------+--------+--------+--------+--------+-----+--------+

Top non-repeatable levels by time:
     D:1: 1074 daAuts
     D:2: 329 daAuts
